 Dungeon Crawl Stone Soup version 0.28-a0-750-g7c675f85b1 (webtiles) character file.

Game seed: 13880395885441072165

250 ytrimaz the Chopper (level 5, -2/41 HPs)
             Began as a Demonspawn Gladiator on Oct 29, 2021.
             Slain by a gnoll (5 damage)
             ... on level 4 of the Dungeon.
             The game lasted 00:04:44 (4394 turns).

ytrimaz the Chopper (Demonspawn Gladiator)          Turns: 4394, Time: 00:04:44

Health: -2/41      AC: 11    Str: 15    XL:     5   Next: 88%
Magic:  5/5        EV: 10    Int: 10    God:
Gold:   223        SH:  0    Dex: 14    Spells: 4/4 levels left

rFire   . . .      SeeInvis .   a - +0 war axe (vorpal)
rCold   . . .      Faith    .   (no shield)
rNeg    . . .      Spirit   .   l - +0 scale mail
rPois   .          Reflect  .   c - +0 helmet
rElec   .          Harm     .   (no cloak)
rCorr   .          Rampage  .   g - +0 pair of gloves
Will    ++...                   (no boots)
Stlth   ..........              (no amulet)
HPRegen 0.13/turn               b - ring of willpower
MPRegen 0.09/turn               f - ring of willpower

@: hasted, very quick
A: yellow scales 1
a: no special abilities


You were on level 4 of the Dungeon.
You visited 1 branch of the dungeon, and saw 4 of its levels.

You collected 223 gold pieces.

Inventory:

Hand Weapons
 a - a +0 vorpal war axe (weapon)
Missiles
 d - 5 throwing nets (quivered)
Armour
 c - a +0 helmet (worn)
 g - a +0 pair of gloves (worn)
 l - a +0 scale mail (worn)
Jewellery
 b - a ring of willpower (left hand)
 f - a ring of willpower (right hand)
Wands
 n - a wand of iceblast (5)
Scrolls
 m - a scroll of teleportation {unknown}
 o - a scroll of identify {unknown}
Potions
 h - a potion of curing {unknown}
 i - a potion of might {unknown}
 j - a potion of haste
 k - a potion of brilliance {unknown}


   Skills:
 * Level 3.0 Fighting
 + Level 4.2 Axes
 - Level 1.7 Throwing
 * Level 3.0 Armour
 + Level 3.2 Dodging


You had 4 spell levels left.
You didn't know any spells.
Your spell library contained the following spells:

 Spells                   Type           Power      Damage    Failure   Level
 Foxfire                  Conj/Fire      0%         2x1d4     82%         1
 Conjure Flame            Conj/Fire      0%         6-21      99%         3
 Inner Flame              Hex/Fire       0%         N/A       99%         3
 Flame Wave               Conj/Fire      0%         3d3       100%        4


Dungeon Overview and Level Annotations

Branches:
Dungeon (4/15)
 Temple: D:4-7

Altars:
Qazlal
Ru
Trog

Annotations:
D:2 1 runed translucent door, Crazy Yiuf
D:4 3 runed translucent doors, AlleluiaPinecone's ghost, amateur VSBe; McGhostyFace's ghost, novice GnWz; mdk's ghost, amateur VSFi


Innate Abilities, Weirdness & Mutations

You are partially covered in yellow scales. (AC +2)


Message History

The gnoll seems to speed up.
The gnoll hits you with a +0 whip.
Unknown command.
You closely miss the gnoll shaman. You hit the gnoll.
You barely miss the gnoll. You hit the gnoll.
The gnoll hits you but does no damage. x3
Unknown command.
You slash the gnoll!
You kill the gnoll!
You slash the gnoll! You barely miss the gnoll. You closely miss the gnoll.
You hit the gnoll shaman. The gnoll closely misses you.
The gnoll hits you with a +0 flail! The gnoll hits you but does no damage.
The gnoll hits you with a +0 whip. The gnoll shaman misses you.
The gnoll closely misses you. The gnoll hits you with a +0 whip.
The gnoll barely misses you.
The gnoll shaman mumbles some strange prayers to its god against you.
You resist with almost no effort.
You see here a +0 flail.
Unknown command.
You hit the gnoll but do no damage.
The gnoll is lightly wounded.
You closely miss the gnoll. The gnoll completely misses you.
The gnoll hits you with a +0 whip. The gnoll hits you with a +0 flail!
* * * LOW HITPOINT WARNING * * *
The gnoll hits you but does no damage. The gnoll hits you with a +0 whip.
* * * LOW HITPOINT WARNING * * *
You closely miss the gnoll.
The gnoll is lightly wounded.
You hit the gnoll shaman but do no damage.
You closely miss the gnoll. You barely miss the gnoll.
The gnoll hits you with a +0 flail.
* * * LOW HITPOINT WARNING * * *
The gnoll shaman hits you with a +0 whip.
* * * LOW HITPOINT WARNING * * *
The gnoll hits you but does no damage. The gnoll closely misses you.
The gnoll hits you but does no damage.
It was a potion of haste.
You feel yourself speed up. The gnoll barely misses you.
The gnoll shaman hits you but does no damage.
The gnoll barely misses you. The gnoll hits you with a +0 whip.
You die...

.#....
.......................
#.#..
..#.##.#..###.########
.#.# # ... #.#..# #.#
#.# #.###.##.#..# #.#
.#.. ............# #.#
#.### #.....).....###.#
.#.# #.............#
#.## #.###.#gg#..###.#
.... ......g@g......
....# #.###...........
##<## ......##..#.#.#
.... ..###.### .##.# #
## #. .# # #. . #.


You could see a gnoll shaman and 3 gnolls.

Vanquished Creatures
  A hound (D:3)
  An orc priest (D:3)
  9 gnolls
  3 adders
  A worm (D:2)
  A dart slug (D:3)
  9 orcs
  6 ball pythons
  4 bats
  5 endoplasms
  2 giant cockroaches
  9 goblins
  4 hobgoblins
  5 kobolds
  A quokka (D:1)
  6 frilled lizards
  4 rats
71 creatures vanquished.

Vanquished Creatures (others)
  3 plants (D:1)
3 creatures vanquished.

Grand Total: 74 creatures vanquished

Notes
Turn   | Place    | Note
-------+----------+-------------------------------------------
     0 | D:1      | ytrimaz the Demonspawn Gladiator began the quest for the
                  | Orb.
     0 | D:1      | Reached XP level 1. HP: 16/16 MP: 1/1
    59 | D:1      | Gained mutation: You are partially covered in yellow
                  | scales. (AC +2) [demonic ancestry]
    59 | D:1      | Reached XP level 2. HP: 12/22 MP: 2/2
   353 | D:1      | Reached skill level 3 in Axes
   841 | D:2      | Found a runed translucent door.
   842 | D:2      | Noticed Crazy Yiuf
   877 | D:2      | Reached XP level 3. HP: 28/28 MP: 3/3
  1016 | D:2      | Reached skill level 1 in Armour
  1583 | D:2      | Reached XP level 4. HP: 22/34 MP: 4/4
  2298 | D:3      | Found a stormy altar of Qazlal.
  2569 | D:3      | Found a sacrificial altar of Ru.
  2740 | D:3      | Found a faded altar of an unknown god.
  2792 | D:3      | Reached XP level 5. HP: 37/40 MP: 5/5
  3137 | D:4      | Found a bloodstained altar of Trog.
  3164 | D:4      | Reached skill level 4 in Axes
  4318 | D:4      | Found a runed translucent gate.
  4318 | D:4      | Found a runed translucent gate.
  4318 | D:4      | Found a runed translucent gate.
  4319 | D:4      | Noticed AlleluiaPinecone's ghost (amateur VSBe)
  4319 | D:4      | Noticed mdk's ghost (amateur VSFi)
  4319 | D:4      | Noticed McGhostyFace's ghost (novice GnWz)
  4394 | D:4      | Slain by a gnoll

Illustrated notes

Levels and vault maps discovered:
D:1:      dpeg_arrival_tiny_f, layout_rooms, serial_bayou_pond_b,
          minmay_tree_intersection
D:2:      kennysheep_big_flooded_room, layout_basic, minmay_tromino_i2,
          uniq_crazy_yiuf_cottage
D:3:      layout_basic, mainiacjoe_overflow_catwalk_spiral,
          ebering_ecumenical_altar_webs
D:4:      layout_basic, mainiacjoe_overflow_tiny_flanked,
          general_overflow_altar, bloody_trog, gammafunk_ghost_cemetery,
          uniq_edmund

Skill      XL: |  1  2  3  4  5 |
---------------+----------------+-----
Axes           | 3 4 |  4.2
Armour         | 1 2 3 |  3.0
Dodging        | 3 |  3.2
Fighting       | 3 |  3.0
Throwing       | |  1.7

Action                   |  1- 3 |  4- 6 || total
-------------------------+-------+-------++-------
Melee: War axe           |    73 |   113 ||   186
  Use: Potion            |     1 |     3 ||     4
       Scroll            |       |     1 ||     1
Armor: Leather armour    |    49 |     4 ||    53
       Skin              |    10 |     8 ||    18
       Scale mail        |       |    54 ||    54
Dodge: Dodged            |    70 |    89 ||   159

Table legend: (Time is in decaauts)
 A = Elapsed time spent in this place.
 B = Non-inter-level travel time spent in this place.
 C = Inter-level travel time spent in this place.
 D = Time resting spent in this place.
 E = Time spent auto-exploring this place.
 F = Levels seen in this place.
 G = Mean time per level.
                   A        B        C        D        E       F      G
               +--------+--------+--------+--------+--------+-----+--------+
         Total |   4457 |   4417 |     40 |   2132 |   1569 |   4 | 1114.2 |
       Dungeon |   4457 |   4417 |     40 |   2132 |   1569 |   4 | 1114.2 |
               +--------+--------+--------+--------+--------+-----+--------+

Top non-repeatable levels by time:
     D:4: 1324 daAuts
     D:1: 1292 daAuts
     D:2: 971 daAuts
     D:3: 868 daAuts
